Map: Berlingrad LE

Players

RagnaroK (SHIN) - Winner!

  • Race: Zerg Zerg
  • League: Master

Solar

  • Race: Zerg Zerg
  • League: Master

Event: TSL 8

VOD

Have the link to the VOD?

Description

Time

  • Played on: Dec. 11, 2021, 8:05 a.m.
  • Length: 9:24

All games in this series

Show
View Real Time Build Order
Export as new Build Order

RagnaroK Zerg - Winner!

Build Orders: Hatch First 

Get SALT Encoding   

  12  0:00  Drone  
  13  0:13  Overlord  
  13  0:17  Drone  
  14  0:31  Drone x2  
  16  0:49  Hatchery  
  15  0:51  Drone  
  15  0:55  Drone  
  17  0:57  Drone  
  18  1:09  Extractor  
  17  1:13  Spawning Pool  
  17  1:16  Drone  
  17  1:19  Drone  
  18  1:29  Drone  
  19  2:00  Zergling x4  
  19  2:01  Zergling x4, Queen x2  
  27  2:12  Zergling x2  
  28  2:18  Zergling x2  
  26  2:25  Drone  
  25  2:34  Drone  
  26  2:37  Drone  
  26  2:41  Drone  
  28  2:47  Overlord  
  28  2:53  Overlord  
  27  3:07  Drone x4  
  31  3:14  Drone x4  
  31  3:19  Drone x2  
  36  3:23  Drone  
  36  3:25  Drone  
  38  3:31  Drone x2  
  39  3:41  Drone  
  40  3:42  Drone  
  40  3:46  Drone x2, Overlord  
  40  3:47  Evolution Chamber  
  40  3:48  Drone x2  
  43  3:56  Overlord  
  43  4:00  Queen, Extractor  
  44  4:11  Hatchery  
  44  4:13  Zerg Ground Armor Level 1  
  43  4:17  Drone  
  43  4:20  Zergling x8  
  48  4:27  Roach Warren  
  47  4:32  Metabolic Boost  
  47  4:39  Drone  
  47  4:41  Overlord  
  47  4:42  Zergling x10  
  53  4:46  Zergling x2  
  53  4:50  Zergling x2  
  55  4:56  Zergling x2  
  56  5:02  Zergling x8  
  56  5:04  Zergling x2  
  61  5:10  Zergling x6  
  64  5:14  Zergling x2  
  64  5:16  Zergling x2  
  66  5:24  Zergling x2  
  66  5:27  Zergling x4  
  69  5:31  Zergling x6  
  65  5:37  Zergling x4  
  65  5:38  Overlord  
  65  5:40  Zergling x4  
  69  5:44  Hatchery  
  69  5:45  Zergling x2  
  69  5:49  Zergling x2  
  70  5:54  Zergling x8  
  74  5:58  Zergling x2  
  74  6:00  Zergling x2  
  74  6:02  Overlord  
  74  6:03  Zergling x6  
  79  6:07  Zerg Melee Weapons Level 1  
  79  6:10  Zergling x2  
  77  6:12  Zergling x8  
  77  6:15  Zergling x2  
  69  6:19  Zergling x2  
  69  6:21  Zergling x2  
  69  6:25  Roach x4  
  75  6:31  Roach x2  
  75  6:32  Roach  
  81  6:33  Overlord  
  81  6:34  Zergling x2  
  81  6:36  Zergling x2  
  83  6:43  Overlord  
  83  6:45  Zergling x8  
  87  6:48  Overlord  
  87  6:54  Ravager x6  
  93  6:56  Zergling x2  
  93  7:00  Ravager  
  96  7:01  Zergling x6  
  96  7:05  Zergling x4  
  100  7:13  Zergling x10  
  105  7:17  Zergling x6  
  105  7:20  Zergling x2  
  109  7:24  Zergling x6  
  109  7:27  Zergling x4  
  113  7:31  Zergling x6  
  113  7:35  Zergling x4  
  118  7:38  Zergling x2  
  118  7:42  Overlord x2  
  119  7:51  Zergling x6  
  119  7:55  Overlord  
  119  7:59  Overlord  
  119  8:01  Zergling x12  
  122  8:10  Zergling x10  
  122  8:11  Zergling x2  
  103  8:12  Zergling x2  
  103  8:13  Zergling x2  
  103  8:15  Zergling x2  
  103  8:17  Zergling x4  
  103  8:19  Zergling x2  
  91  8:20  Zergling x2  
  91  8:23  Zergling x4  
  91  8:25  Zergling x2  
  91  8:26  Zergling x2  
  95  8:30  Zergling x6  
Show
View Real Time Build Order
Export as new Build Order

Solar Zerg 

Build Orders: Pool First 

Get SALT Encoding   

  12  0:17  Spawning Pool  
  11  0:22  Drone  
  11  0:27  Drone  
  13  0:31  Drone  
  14  0:40  Overlord  
  14  1:03  Zergling x4  
  16  1:05  Zergling x2  
  17  1:15  Zergling x2  
  17  1:18  Hatchery  
  17  1:26  Zergling x2  
  18  1:33  Queen  
  18  1:37  Zergling x2  
  21  1:47  Overlord  
  21  1:58  Drone  
  22  2:08  Queen  
  22  2:10  Drone  
  25  2:20  Drone  
  22  2:30  Drone, Queen  
  22  2:31  Drone  
  26  2:40  Drone x2  
  26  2:41  Drone x2  
  29  2:45  Extractor  
  29  2:47  Drone  
  29  2:53  Drone  
  29  2:55  Drone  
  31  3:02  Overlord  
  31  3:04  Drone  
  32  3:13  Drone  
  32  3:16  Drone x2  
  35  3:21  Drone x2  
  37  3:29  Evolution Chamber  
  37  3:30  Zergling x2  
  37  3:33  Roach Warren  
  36  3:37  Evolution Chamber  
  36  3:38  Drone x2  
  36  3:39  Drone  
  38  3:43  Drone  
  38  3:48  Drone  
  40  3:51  Drone  
  40  3:53  Metabolic Boost  
  40  3:57  Overlord  
  40  3:59  Drone  
  40  4:02  Drone, Evolution Chamber  
  42  4:09  Overlord  
  42  4:16  Zergling x8  
  46  4:17  Overlord  
  46  4:19  Drone  
  46  4:20  Zergling x2  
  48  4:28  Zerg Missile Weapons Level 1  
  48  4:30  Zergling x4  
  51  4:34  Zergling x2  
  51  4:37  Evolution Chamber  
  51  4:39  Zergling x2  
  51  4:40  Zergling x6  
  55  4:48  Zergling x4  
  55  4:49  Zergling x2  
  58  4:52  Hatchery  
  58  4:54  Zergling x2  
  58  4:55  Zergling x2  
  58  4:57  Extractor  
  58  4:58  Extractor  
  58  4:59  Overlord  
  57  5:00  Drone  
  58  5:07  Drone  
  58  5:08  Drone x2  
  58  5:09  Overlord  
  58  5:11  Drone  
  62  5:16  Lair  
  62  5:17  Drone  
  63  5:23  Roach x2  
  63  5:26  Roach  
  68  5:28  Roach  
  68  5:33  Roach  
  66  5:36  Roach x2  
  70  5:43  Drone x2  
  70  5:48  Roach x3  
  78  5:54  Overlord  
  78  5:56  Roach  
  80  5:58  Zergling x2  
  81  6:09  Roach x3  
  89  6:11  Roach x2  
  89  6:13  Roach  
  89  6:14  Roach  
  80  6:18  Zergling x2  
  80  6:21  Drone, Queen  
  80  6:24  Glial Reconstitution  
  81  6:27  Roach  
  83  6:33  Drone  
  83  6:34  Roach x2, Extractor  
  83  6:37  Roach  
  83  6:39  Roach  
  91  6:41  Zergling x2  
  91  6:43  Roach  
  94  6:49  Overlord  
  94  6:50  Roach  
  96  7:05  Overlord  
  101  7:08  Roach x2  
  101  7:11  Roach  
  101  7:12  Roach  
  101  7:14  Roach  
  105  7:17  Overlord  
  105  7:18  Zergling x2  
  105  7:21  Overlord  
  106  7:25  Roach x2  
  106  7:28  Roach  
  112  7:39  Roach  
  112  7:40  Roach  
  112  7:41  Roach x3  
  122  7:45  Overlord  
  121  7:53  Overlord  
  121  7:54  Overseer  
  121  8:04  Roach x4  
  129  8:11  Roach x2  
  116  8:14  Roach  
  116  8:16  Roach  
  116  8:18  Roach  
  68  8:20  Roach  
  68  8:22  Roach  
  68  8:25  Roach  
Tags
 
Add a new tag
Caveats
  • Supply blocks, unpowered buildings, or Contaminate may cause inaccurate times.
  • Supply counts are checked every 10 seconds.